 Dungeon Crawl Stone Soup version 0.29.1-15-g9cfb28693d (webtiles) character file.

Game seed: 16139071420565904354

6967 croobank the Conjurer (level 10, -11/83 HPs)
             Began as a Demigod Conjurer on Mar 10, 2023.
             Mangled by an ogre
             ... wielding a +0 giant club
             ... led by Lodul
              (23 damage)
             ... on level 10 of the Dungeon on Mar 11, 2023.
             The game lasted 01:01:09 (13503 turns).

croobank the Conjurer (Demigod Conjurer)           Turns: 13503, Time: 01:01:10

Health: -11/83     AC:  9    Str:  8    XL:     10   Next: 52%
Magic:  2/21       EV: 14    Int: 32    God:
Gold:   517        SH:  5    Dex: 12    Spells: 2/19 levels left

rFire   . . .      SeeInvis .   k - +3 dagger (chaos)
rCold   . . .      Faith    .   (no shield)
rNeg    . . .      Spirit   .   a - +0 robe
rPois   .          Reflect  +   y - +0 helmet
rElec   .          Harm     .   H - scarf {repulsion}
rCorr   .          Rampage  .   (no gloves)
Will    +....                   q - +1 pair of boots
Stlth   +++.......              G - amulet of reflection
HPRegen 0.23/turn               b - +4 ring of protection
MPRegen 0.17/turn               (no ring)

@: slowed, repel missiles, very slow
A: high MP 1, forlorn, divine attributes
a: no special abilities


You were on level 10 of the Dungeon.
You visited 1 branch of the dungeon, and saw 10 of its levels.

You collected 517 gold pieces.

Inventory:

Hand Weapons
 d - a +0 vorpal trident
 k - a +3 dagger of chaos (weapon)
 r - a +1 dagger of freezing
 s - a +2 antimagic short sword
 A - a +1 short sword of venom
 B - a +2 short sword
 E - a +2 hand axe of freezing
 F - the +6 trident "Spiderbane" {elec, *Slow Dex+5 Stlth+}
   (You found it on level 8 of the Dungeon)

   It occasionally discharges a powerful burst of electricity upon striking a
   foe.
   Dex:       It affects your dexterity (+5).
   *Slow:     It may slow you when you take damage.
   Stlth:     It makes you more stealthy.
 I - a +3 great sword
Missiles
 e - 2 atropa-tipped darts
 t - 23 poisoned darts
Armour
 a - a +0 robe (worn)
 i - a +1 cloak
 q - a +1 pair of boots (worn)
 y - a +0 helmet (worn)
 z - a +1 chain mail of fire resistance
 H - a scarf of repulsion (worn)
Magical Staves
 p - a staff of conjuration
Jewellery
 b - a +4 ring of protection (left hand)
 f - a ring of ice
 o - a ring of ice
 w - a ring of positive energy
 G - an amulet of reflection (around neck)
 J - a ring of willpower
Wands
 j - a wand of roots (4) (quivered)
 l - a wand of acid (2)
 n - a wand of digging (8)
 u - a wand of polymorph (8)
 x - a wand of mindburst (35)
Scrolls
 g - a scroll of fog
 m - 2 scrolls of noise
 C - a scroll of vulnerability
 D - 2 scrolls of identify
Potions
 c - a potion of curing
 v - 2 potions of cancellation


   Skills:
 + Level 6.0 Fighting
 + Level 6.1 Staves
 + Level 5.7 Dodging
 + Level 6.2 Stealth
 + Level 5.3 Spellcasting
 + Level 6.6 Conjurations
 + Level 4.9 Hexes
 + Level 2.6 Translocations


You had 2 spell levels left.
You knew the following spells:

 Your Spells              Type           Power      Damage    Failure   Level
a - Magic Dart            Conj           100%       1d8       1%          1
b - Searing Ray           Conj           100%       2d8       1%          2
c - Dazzling Flash        Conj/Hex       90%        N/A       1%          3
d - Fulminant Prism       Conj/Hex       22%        3d13      4%          4
e - Iskenderun's Mystic   Conj/Tloc      38%        2d9       8%          4
f - Summon Guardian Gole  Hex/Summ       24%        N/A       5%          3

Your spell library contained the following spells:

 Spells                   Type           Power      Damage    Failure   Level
 Necrotise                Necr           32%        1d5       4%          1
 Summon Small Mammal      Summ           32%        N/A       4%          1
 Sublimation of Blood     Necr           8%         N/A       8%          2
 Call Canine Familiar     Summ           8%         N/A       14%         3
 Vampiric Draining        Necr           8%         2d6       14%         3
 Irradiate                Conj/Tmut      14%        3d16      34%         5
 Animate Dead             Necr           8%         N/A       43%         4
 Petrify                  Tmut/Erth      8%         N/A       43%         4
 Silence                  Hex/Air        12%        N/A       45%         5
 Agony                    Necr           8%         N/A       80%         5
 Lee's Rapid Deconstruct  Erth           4%         3d6*      80%         5
 Haunt                    Necr/Summ      4%         N/A       100%        7
 Infestation              Necr           4%         N/A       100%        8


Dungeon Overview and Level Annotations

Branches:
Dungeon (10/15)            Temple (0/1) D:5
   Lair: D:8-11         Orc: D:9-12

Annotations:
D:9 Erica
D:10 Josephine, Lodul


Innate Abilities, Weirdness & Mutations

You have an increased reservoir of magic. (+10% MP)
You shall have no god before yourself.
Your divine heritage dramatically boosts your attributes as you level up.


Message History

Roots grab the ogre. x2
The wraith is unaffected.
The grasping roots constrict Lodul!
The grasping roots constrict the ogre.
The grasping roots constrict the ogre! x2
The grasping roots constrict the ogre.
The grasping roots constrict the ogre!
You kill the ogre!
The roots release their grip on the ogre.
The ogre struggles to escape constriction.
Lodul struggles to escape constriction.
Aiming: Fastroot
Press: ? - help, Shift-Dir - straight line, f - ogre, p - Lodul
Aim: an ogre, wielding a +0 giant club (heavily wounded)
The roots erupt in riotous growth!
Roots grab the ogre.
Roots grab Josephine.
The wraith is unaffected. x2; The ogre is unaffected.
The grasping roots constrict Lodul!
The grasping roots constrict the ogre.
The grasping roots constrict the ogre!
The grasping roots constrict the ogre. x2
The grasping roots constrict Josephine!
The roots release their grip on Lodul.
The roots release their grip on the ogre. x2
The ogre barely misses you. You block the ogre's attack. The wraith hits you.
* * * LOW HITPOINT WARNING * * *
The wraith drains your vigour!
You feel yourself slow down. Lodul misses you.
Aiming: Fastroot
Press: ? - help, Shift-Dir - straight line, f - Lodul, p - ogre
Aim: Lodul, wielding a +0 great mace (moderately wounded)
The roots erupt in riotous growth!
Roots grab Lodul.
The wraith is unaffected.
The ogre is unaffected.
The wraith is unaffected. x2
Roots grab the ogre. x2
The wraith is unaffected.
The grasping roots constrict Lodul!
The grasping roots constrict the ogre!
You kill the ogre!
The grasping roots constrict the ogre.
You kill the ogre!
The grasping roots constrict the ogre. x2
You kill the ogre!
The grasping roots constrict Josephine.
The roots release their grip on the ogre.
The roots release their grip on Josephine.
The ogre hits you with a +0 giant club!!
You die...

.........
......
......... ##
..## #.....
..........
...##...#
#.....
#.........
.......##
#.....
#.#####...
$.......#
#..... #.#
...
.........
##.... ###
#W.......
#.... #
##OW......
...).. #
#@@W......
...... #
#WOW......
###... #
#O).......
##.. #
#O.........
##.
#..........
...........
#...........
#...........
#...........


You could see Josephine, Lodul (rooted), 5 wraiths and 3 ogres.

Vanquished Creatures
  Pikel (D:7)
  An elephant (D:10)
  Psyche (D:10)
  11 yaks
  A wyvern (D:9)
  A basilisk (D:10)
  A steam dragon (D:6)
  2 water moccasins (D:8)
  Duvessa (D:7)
  4 orc warriors
  An ice beast (D:8)
  3 black bears
  A sky beast (D:7)
  2 centaurs (D:8)
  7 ogres
  2 lemures (D:7)
  3 kobold brigands
  A bullfrog (D:7)
  A necrophage (D:5)
  7 scorpions
  8 wights
  Dowan (D:7)
  A howler monkey (D:10)
  A gnoll bouda (D:9)
  6 hounds
  A jelly (D:5)
  6 orc priests
  6 iguanas
  An iron imp (D:3)
  Natasha (D:2)
  6 orc wizards
  10 gnolls
  11 adders
  A river rat (D:3)
  A white imp (D:5)
  An ufetubus (D:4)
  10 worms
  A dart slug (D:2)
  29 orcs
  9 endoplasms
  4 giant cockroaches
  2 goblins
  8 hobgoblins
  4 quokkas
  4 ball pythons
  6 bats
  7 frilled lizards
  13 kobolds
  12 rats
223 creatures vanquished.

Vanquished Creatures (others)
  8 fulminant prisms
  A fungus (D:10)
9 creatures vanquished.

Grand Total: 232 creatures vanquished

Notes
Turn   | Place    | Note
-------+----------+-------------------------------------------
     0 | D:1      | croobank the Demigod Conjurer began the quest for the Orb.
     0 | D:1      | Reached XP level 1. HP: 14/14 MP: 5/5
   703 | D:1      | Reached XP level 2. HP: 20/20 MP: 7/7
   836 | D:1      | Learned a level 2 spell: Searing Ray
  1616 | D:2      | Noticed Natasha
  1627 | D:2      | Killed Natasha
  1628 | D:2      | Reached XP level 3. HP: 17/26 MP: 3/9
  1631 | D:2      | Reached XP level 4. HP: 23/33 MP: 7/10
  1816 | D:2      | Learned a level 3 spell: Dazzling Flash
  2814 | D:3      | Reached XP level 5. HP: 38/38 MP: 11/11
  2982 | D:3      | Identified a scroll of acquirement
  2982 | D:3      | Acquired a staff of conjuration
  3153 | D:3      | Reached skill level 1 in Hexes
  4128 | D:4      | Reached XP level 6. HP: 46/46 MP: 6/13
  4297 | D:4      | Reached skill level 1 in Fighting
  4313 | D:4      | Reached skill level 1 in Staves
  4920 | D:5      | Entered Level 5 of the Dungeon
  4950 | D:5      | Reached XP level 7. HP: 34/53 MP: 1/14
  5311 | D:5      | Found a staircase to the Ecumenical Temple.
  5392 | D:5      | Reached skill level 5 in Conjurations
  6385 | D:6      | Reached XP level 8. HP: 63/63 MP: 10/16
  8249 | D:7      | Noticed Duvessa
  8253 | D:7      | Noticed Dowan
  8255 | D:7      | Noticed Pikel
  8256 | D:7      | Learned a level 4 spell: Fulminant Prism
  8276 | D:7      | Killed Duvessa
  8277 | D:7      | Reached XP level 9. HP: 57/72 MP: 5/18
  8283 | D:7      | Killed Pikel
  8284 | D:7      | Reached skill level 5 in Stealth
  8293 | D:7      | Killed Dowan
  9234 | D:8      | Identified the +6 trident "Spiderbane" {elec, *Slow Dex+5
                  | Stlth+}
  9241 | D:8      | Reached skill level 5 in Staves
  9432 | D:8      | Reached skill level 5 in Fighting
 10383 | D:7      | Reached skill level 5 in Dodging
 10415 | D:7      | Learned a level 4 spell: Iskenderun's Mystic Blast
 10575 | D:7      | Reached skill level 1 in Translocations
 10960 | D:8      | Reached XP level 10. HP: 59/81 MP: 11/20
 11738 | D:9      | Reached skill level 5 in Spellcasting
 11850 | D:10     | Entered Level 10 of the Dungeon
 12181 | D:9      | Learned a level 3 spell: Summon Guardian Golem
 12981 | D:10     | Noticed Psyche
 12992 | D:10     | Killed Psyche
 13187 | D:9      | Noticed Erica
 13466 | D:10     | Noticed an elephant
 13488 | D:10     | Killed an elephant
 13497 | D:10     | Noticed Lodul
 13497 | D:10     | Noticed Josephine
 13503 | D:10     | Mangled by an ogre

Illustrated notes

Levels and vault maps discovered:
D:1:      minmay_arrival_radiant_lines, layout_basic,
          hellmonk_ecumenical_altar_heavens_door
D:2:      layout_rooms, serial_corexii_hall, corexii_hall_statues_l,
          corexii_hall_statues_x, corexii_hall_statues_x,
          chequers_hall_statues_wall_a, amcnicky_mini_corridor_feature,
          minmay_pentomino_r2, uniq_natasha
D:3:      layout_loops_ring, general_overflow_altar, slow_altar_2,
          lightli_sewer_entry_pipes, serial_park_tiny_1,
          minmay_randomly_rotated_circles
D:4:      minmay_recursive_quarters, layout_rooms
D:5:      layout_rooms, mainiacjoe_overflow_catwalk, marbit_many_paths,
          grunt_qazlal_sundering, lemuel_coloured_pillars_altar, minitemple,
          temple_fountains, minmay_misc_feat_pillars
D:6:      layout_basic, kennysheep_mini_moat, lemuel_doored_altar
D:7:      layout_loops_cross, uniq_duvessa, uniq_pikel
D:8:      layout_rooms
D:9:      layout_rooms, nicolae_tso_carved_into_rock, lemuel_tele_altar,
          uniq_erica
D:10:     layout_cave_pods, grunt_temple_overflow_order_and_chaos_2,
          david_lair_generic, kennysheep_generic_room_9, uniq_lodul,
          uniq_psyche, uniq_josephine

Skill      XL: |  1  2  3  4  5  6  7  8  9 10 |
---------------+-------------------------------+-----
Stealth        | 2 3 4 5 6 |  6.2
Dodging        | 2 3 4 5 |  5.7
Spellcasting   | 2 3 4 5 |  5.3
Conjurations   | 4 5 6 |  6.6
Hexes          | 1 2 3 4 |  4.9
Fighting       | 1 3 4 5 6 |  6.0
Staves         | 1 3 4 5 6 |  6.1
Translocations | 1 2 |  2.6

Action                   |  1- 3 |  4- 6 |  7- 9 | 10-12 || total
-------------------------+-------+-------+-------+-------++-------
Melee: Spear             |    39 |    21 |       |       ||    60
       Trident           |       |    48 |    10 |       ||    58
       Staff             |       |    86 |    55 |     8 ||   149
       Short sword       |       |       |    14 |    16 ||    30
       Punch             |       |       |     1 |       ||     1
       Dagger            |       |       |       |    22 ||    22
 Cast: Magic Dart        |    17 |    30 |    50 |     9 ||   106
       Searing Ray       |     7 |    40 |    75 |    34 ||   156
       Dazzling Flash    |       |     6 |    22 |     2 ||    30
       Iskenderun's Myst |       |       |     8 |    10 ||    18
       Fulminant Prism   |       |       |       |     8 ||     8
Evoke: Wand              |       |       |     2 |     8 ||    10
  Use: Potion            |     1 |     5 |     5 |     6 ||    17
       Scroll            |       |    15 |     7 |     7 ||    29
 Stab: Sleeping          |     1 |     3 |       |     2 ||     6
       Invisible         |       |     1 |     4 |     2 ||     7
Armor: Robe              |    10 |    71 |    63 |    36 ||   180
Dodge: Dodged            |    27 |   188 |   170 |    61 ||   446
Block: Other             |       |       |    22 |    32 ||    54
       Reflection        |       |       |     3 |     1 ||     4
